 Dungeon Crawl Stone Soup version 0.19-a0-27-g415f530 (webtiles) character file.

129112 HaroldButt the Earth Mage (level 17, -21/106 HPs)
             Began as a Gargoyle Earth Elementalist on Apr 29, 2016.
             Was a High Priest of Vehumet.
             Killed from afar by HaroldButt's illusion (51 damage)
             ... with a crystal spear
             ... woven by Mara
             ... on level 3 of the Spider Nest on May 1, 2016.
             The game lasted 08:50:05 (32644 turns).

HaroldButt the Earth Mage (GrEE)                   Turns: 32644, Time: 08:50:06

Health: -21/106    AC: 21    Str: 18    XL:     17   Next: 4%
Magic:  31/31      EV: 16    Int: 29    God:    Vehumet [*****.]
Gold:   1635       SH:  0    Dex: 19    Spells: 6 memorised, 13 levels left

rFire  . . .     SeeInvis .     K - +9 quarterstaff of Power {drain, rElec Int+5 Stlth+}
rCold  . . .     Gourm    +     (no armour)
rNeg   + . .     Faith    .     (shield currently unavailable)
rPois  ∞         Spirit   .     A - +2 hat {Int+3}
rElec  +         Dismiss  .     p - +1 cloak
rCorr  .         Reflect  .     n - +1 pair of gloves {Dex+3}
SustAt .         Harm     .     H - +2 pair of boots {run}
MR     +....                    Y - amulet of the gourmand
Stlth  ++........               s - +5 ring of dexterity
                                k - ring of wizardry

@: mighty, silence, very slightly contaminated, hasted, very quick, somewhat
resistant to hostile enchantments, unstealthy
A: big wings, negative energy resistance 1, electricity resistance, unbreathing,
petrification resistance, rot immunity, AC +12
a: Fly, Renounce Religion


You were on level 3 of the Spider Nest.
You worshipped Vehumet.
Vehumet was extremely pleased with you.
You were very full.

You visited 5 branches of the dungeon, and saw 29 of its levels.
You also visited: Labyrinth and Volcano.

You collected 2736 gold pieces.
You spent 1006 gold pieces at shops.

Inventory:

Hand Weapons
 t - the +4 hunting sling of Unupotyr {freeze, +Fly MR+++}
   (You took it off a minotaur in a labyrinth)

   It causes projectiles fired from it to freeze those they strike, causing
   extra injury to most foes and up to half again as much damage against
   particularly susceptible opponents.
   They can also slow down cold-blooded creatures.
   It affects your resistance to hostile enchantments.
   It lets you fly.
 K - the +9 quarterstaff of Power (weapon) {drain, rElec Int+5 Stlth+}
   (You found it on level 11 of the Dungeon)

   A truly terrible weapon, it drains the life of those it strikes.
   It affects your intelligence (+5).
   It insulates you from electricity.
   It makes you more stealthy.
 U - a +7 blowgun
Missiles
 h - 23 curare-tipped needles
 o - 24 poisoned needles
 N - 3 throwing nets (quivered)
Armour
 n - a +1 pair of gloves of dexterity (worn)
 p - a +1 cloak (worn)
 w - the +3 warlock's mirror {reflect}
   (You found it on level 8 of the Lair of Beasts)
 y - a +2 robe of resistance
 A - a +2 hat of intelligence (worn)
 H - a +2 pair of boots of running (worn)
 I - the +4 skin of Zhor {rC+++}
   (You found it on level 7 of the Lair of Beasts)

   It renders you almost immune to cold.
 J - a +3 leather armour of fire resistance
Magical Staves
 C - an uncursed staff of conjuration
 M - an uncursed staff of energy
Jewellery
 k - a ring of wizardry (left hand)
 s - a +5 ring of dexterity (right hand)
 Y - an amulet of the gourmand (around neck)
Wands
 g - a wand of hasting (8/9)
 L - a wand of teleportation (3/9)
 W - a wand of digging (23/24)
Scrolls
 a - 2 scrolls of fear
 b - 2 scrolls of silence
 e - 5 scrolls of amnesia
 f - 14 scrolls of remove curse
 i - 5 scrolls of fog
 v - 8 scrolls of teleportation
 F - a scroll of holy word
 P - 3 scrolls of blinking
 V - a scroll of magic mapping
 Z - 3 scrolls of immolation
Potions
 l - 2 potions of invisibility
 m - 3 potions of brilliance
 u - 2 potions of resistance
 x - 4 potions of cure mutation
 z - 5 potions of magic
 B - 6 potions of agility
 D - 3 potions of heal wounds
 E - 10 potions of curing
 G - a potion of might
 S - 4 potions of haste
 T - a potion of cancellation
Books
 c - a book of Geomancy

   Spells                             Type                      Level
   a - Sandblast                      Earth                        1
   b - Passwall                       Transmutation/Earth          2
   c - Stone Arrow                    Conjuration/Earth            3
   d - Petrify                        Transmutation/Earth          4
   e - Lee's Rapid Deconstruction     Earth                        5
 r - a book of the Tempests

   Spells                             Type                      Level
   a - Static Discharge               Conjuration/Air              3
   b - Lightning Bolt                 Conjuration/Air              5
   c - Fireball                       Conjuration/Fire             5
   d - Tornado                        Air                          9
   e - Shatter                        Earth                        9
 X - a book of Annihilations

   Spells                             Type                      Level
   a - Poison Arrow                   Conjuration/Poison           6
   b - Chain Lightning                Conjuration/Air              8
   c - Lehudib's Crystal Spear        Conjuration/Earth            8
   d - Glaciate                       Conjuration/Ice              9
   e - Fire Storm                     Conjuration/Fire             9
Miscellaneous
 q - a crystal ball of energy
Comestibles
 d - 17 bread rations
 j - 9 meat rations
 O - 2 beef jerkies


   Skills:
 + Level 12.2 Fighting
 - Level 14.0 Staves
 + Level 0.0 Armour
 + Level 5.0 Dodging
 - Level 2.1 Stealth
 + Level 10.9 Spellcasting
 - Level 14.5 Conjurations
 - Level 0.7 Transmutations
 - Level 5.0 Fire Magic
 - Level 17.1 Earth Magic


You had 13 spell levels left.
You knew the following spells:

 Your Spells              Type           Power        Failure   Level  Hunger
a - Sandblast             Erth           ######       0%          1    None
b - Stone Arrow           Conj/Erth      ######       0%          3    None
c - Passwall              Trmt/Erth      ######....   1%          2    None
d - Lee's Rapid Deconstr  Erth           #######...   1%          5    ###....
e - Bolt of Magma         Conj/Fire/Erth ######....   1%          5    ###....
f - Lehudib's Crystal Sp  Conj/Erth      #######...   4%          8    #######


Dungeon Overview and Level Annotations

Branches:
Dungeon (15/15)            Temple (1/1) D:4            Lair (8/8) D:9
  Swamp (0/4) Lair:5       Spider (3/4) Lair:6        Slime (0/6) Lair:8
    Orc (2/2) D:11            Elf (0/3) Orc:2        Vaults (0/5) D:14
 Depths (0/5) D:15

Altars:
Ashenzari
Cheibriados
Dithmenos
Elyvilon
Fedhas
Gozag
Kikubaaqudgha
Makhleb
Nemelex Xobeh
Okawaru
Pakellas
Qazlal
Ru
Sif Muna
Trog
Vehumet
Xom
Yredelemnul
Zin
The Shining One

Shops:
D:7 *   D:14 }   Orc:1 !   Orc:2 :?*(

Annotations:
Spider:3 Mara


Innate Abilities, Weirdness & Mutations

You are resistant to torment.
Your stone body is resilient (AC +12).
You are immune to poison.
Your large and strong wings let you fly indefinitely.
You resist negative energy.
You are resistant to electric shocks.
You can survive without breathing.
You are immune to petrification.
You are immune to rotting.


Message History

You bludgeon HaroldButt's illusion!!
You destroy HaroldButt's illusion!
Mara gestures.
There is a horrible, sudden wrenching feeling in your soul!
You hit Mara but do no damage.
Mara is lightly wounded.
You bludgeon Mara!!
Mara is moderately wounded.
You closely miss Mara.
Mara is moderately wounded.
You sock HaroldButt's illusion!
HaroldButt's illusion is lightly damaged.
You sock HaroldButt's illusion!
HaroldButt's illusion is moderately damaged.
Mara blinks! x2; HaroldButt's illusion hits you!
* * * LOW HITPOINT WARNING * * *
Mara blinks!
HaroldButt's illusion gestures at you while chanting.
The crystal spear hits you!
You die...

#............#.....#.............
..s......).....#.......#...##..#)
w.#....#....(....#.##....#...#...
.....#..............R.......#....
.........#.^....#...#.........#.
...#.................#..........
#. ^>.##.....#..........#..#....
.................#..^...
...#.$@.$....#..#...#..
#....§.§..#..#....#.≈#
........#...........<..#
..#.#..§@.......#.#....#
.........#^..$R.....≈≈##
.}#....#...#...#...#≈##
.....##^#.#.......#.≈≈# .#R.
##........#....≈# ..
≈#..#....^..####


You could see 3 Maras and HaroldButt's illusion.

Vanquished Creatures
  Arachne (Spider:2)
  2 orc warlords (D:11)
  A stone giant (D:11)
  Azrael (Spider:2)
  A spark wasp (Spider:2)
  An ettin (Orc:2)
  4 vault guards (D:14)
  A minotaur (Lab)
  2 entropy weavers (Spider:1)
  2 death knights
  6 hydras
  Erica (D:8)
  Erolcha (D:10)
  2 centaur warriors
  4 ogre magi (Orc:2)
  A catoblepas (Lair:8)
  The ghost of DEFE the Nimble, a journeyman DEFi of Ashenzari (D:10)
  A deep troll shaman (Lair:8)
  A tengu warrior (D:15)
  20 death yaks
  Nergalle (D:11)
  10 skeletal warriors
  2 unseen horrors
  A necromancer (D:15)
  A lindwurm (Lair:8)
  3 orc knights
  3 hill giants
  2 wizards (D:15)
  12 wolf spiders
  2 oklob plants
  6 ugly things
  4 cyclopes
  A griffon (Lair:7)
  11 orb spiders
  3 orc sorcerers
  5 deep elf magi
  2 hornets
  5 black mambas
  9 elephants
  A molten gargoyle (Lair:6)
  2 gargoyles (D:12)
  7 spiny frogs
  2 torpor snails
  3 centaur skeletons (D:15)
  3 rime drakes
  2 freezing wraiths
  A demonic crawler (Spider:1)
  2 komodo dragons
  An efreet (D:14)
  9 trolls
  18 two-headed ogres
  A queen bee (shapeshifter) (D:15)
  The ghost of Sl000nik the Vexing, a novice SpEn of Okawaru (D:4)
  14 jumping spiders
  5 polar bears
  2 boulder beetles
  10 blink frogs
  2 shadows
  A vampire (D:14)
  2 wyverns
  A centaur simulacrum (D:15)
  24 redbacks
  16 tarantellas
  4 wraiths
  2 basilisks
  44 yaks
  A fire bat (Volcano)
  7 fire elementals
  2 hogs (Volcano)
  3 vampire mosquitoes (D:14)
  A steam dragon (D:11)
  5 hungry ghosts
  A mottled dragon (D:14)
  6 hippogriffs
  4 wargs
  A soldier ant (D:15)
  5 swamp worms (Lair:5)
  7 porcupines
  2 hell hounds (Spider:2)
  17 orc warriors
  An ice beast (D:11)
  10 water moccasins
  5 sky beasts
  2 black bears
  3 phantoms
  A necrophage (D:9)
  38 ogres
  3 boggarts (D:13)
  4 wolves (Lair:8)
  A crocodile (shapeshifter) (D:15)
  16 centaurs
  15 crocodiles
  A big kobold (D:7)
  18 giant frogs
  A wyvern skeleton (D:14)
  5 troll zombies (D:11)
  A scorpion (D:14)
  12 killer bees
  17 wights
  8 howler monkeys
  5 electric eels
  3 giant frog zombies
  5 crimson imps
  3 quasits
  5 centaur zombies
  5 hounds
  4 giant frog skeletons
  8 jellies
  8 orc priests
  16 orc wizards
  Jessica (D:3)
  6 iguanas
  11 worker ants
  A killer bee zombie (D:7)
  20 sheep
  3 ogre zombies (D:11)
  A worker ant zombie (D:6)
  A howler monkey zombie (D:10)
  A howler monkey skeleton (D:5)
  11 adders
  77 river rats
  2 shadow imps
  An adder zombie (D:9)
  2 worms
  A dart slug (D:3)
  7 giant geckos
  65 orcs
  A ball python (D:6)
  4 giant cockroaches
  5 goblins
  7 hobgoblins
  8 jackals
  17 kobolds
  5 quokkas
  3 bats
  2 giant newts (D:2)
  2 goblin zombies (D:11)
  A hobgoblin skeleton (D:11)
  4 hobgoblin zombies (D:11)
  A jackal zombie (D:7)
  4 orc skeletons (D:11)
  14 orc zombies (D:11)
  A quokka skeleton (D:4)
  3 rats
  2 fungi (Lair:5)
  3 plants
901 creatures vanquished.

Vanquished Creatures (others)
  2 sheep (Lair:8)
  14 fungi
  4 plants
20 creatures vanquished.

Grand Total: 921 creatures vanquished

Notes
Turn   | Place    | Note
--------------------------------------------------------------
     0 | D:1      | HaroldButt the Gargoyle Earth Elementalist began the quest for the Orb.
     0 | D:1      | Reached XP level 1. HP: 10/10 MP: 3/3
   170 | D:1      | Reached skill level 4 in Earth Magic
   428 | D:1      | Reached XP level 2. HP: 14/15 MP: 3/5
   666 | D:1      | Reached XP level 3. HP: 19/19 MP: 2/6
   671 | D:1      | Learned a level 3 spell: Stone Arrow
   824 | D:2      | Reached skill level 5 in Earth Magic
  1053 | D:2      | Found a bloodstained altar of Trog.
  1280 | D:2      | Reached skill level 1 in Conjurations
  1280 | D:2      | Reached XP level 4. HP: 24/24 MP: 2/7
  1667 | D:3      | Found a sparkling altar of Nemelex Xobeh.
  1677 | D:3      | Noticed Jessica
  1682 | D:3      | Killed Jessica
  1682 | D:3      | Reached skill level 6 in Earth Magic
  1765 | D:3      | Reached XP level 5. HP: 17/28 MP: 8/8
  2020 | D:3      | Noticed an ogre
  2028 | D:3      | Killed an ogre
  2190 | D:4      | Noticed an ogre
  2209 | D:4      | Killed an ogre
  2209 | D:4      | Reached skill level 7 in Earth Magic
  2209 | D:4      | Reached XP level 6. HP: 24/32 MP: 6/9
  2306 | D:4      | Found a staircase to the Ecumenical Temple.
  2318 | Temple   | Entered the Ecumenical Temple
  2345 | Temple   | Became a worshipper of Vehumet
  2397 | D:4      | Noticed an orc warrior
  2408 | D:4      | Reached XP level 7. HP: 36/36 MP: 6/10
  2463 | D:4      | Noticed Sl000nik's ghost (novice SpEn)
  2471 | D:5      | Entered Level 5 of the Dungeon
  2728 | D:5      | Found a white marble altar of Elyvilon.
  2929 | D:4      | Reached skill level 5 in Conjurations
  2929 | D:4      | Reached skill level 8 in Earth Magic
  3162 | D:5      | Reached XP level 8. HP: 26/41 MP: 0/11
  3290 | D:5      | Reached skill level 9 in Earth Magic
  3302 | D:5      | Learned a level 2 spell: Passwall
  3308 | D:5      | Learned a level 5 spell: Lee's Rapid Deconstruction
  3342 | D:5      | Found a deep blue altar of Sif Muna.
  3379 | D:5      | Found a stormy altar of Qazlal.
  3620 | D:5      | Found a basalt altar of Yredelemnul.
  3729 | D:4      | Killed Sl000nik's ghost
  3970 | D:5      | Noticed a wyvern
  3973 | D:5      | Killed a wyvern
  3973 | D:5      | Reached skill level 10 in Earth Magic
  4115 | D:4      | Noticed a cacodemon
  4116 | D:4      | Found a burning altar of Makhleb.
  4119 | D:4      | Found a glowing silver altar of Zin.
  4119 | D:4      | Noticed an angel
  4480 | D:6      | Reached * piety under Vehumet
  4480 | D:6      | Offered knowledge of Magic Dart by Vehumet.
  4528 | D:6      | Reached XP level 9. HP: 45/45 MP: 12/12
  4963 | D:7      | Found a sacrificial altar of Ru.
  5138 | D:7      | Found a glowing silver altar of Zin.
  5140 | D:7      | Noticed an angel
  5145 | D:7      | Found Bupp's Hallowed Reliquary.
  5170 | D:7      | Bought a potion of heal wounds for 80 gold pieces
  5170 | D:7      | Bought a potion of curing for 48 gold pieces
  5170 | D:7      | Bought a scroll of holy word for 120 gold pieces
  5275 | D:7      | Found an opulent altar of Gozag.
  5277 | D:7      | Found a shadowy altar of Dithmenos.
  5320 | D:7      | Found a bloodstained altar of Trog.
  5629 | D:7      | Identified a scroll of acquirement
  5630 | D:7      | Got a transparent hat
  5641 | D:7      | Identified the +0 hat of Heogigr Riyph {-Tele rPois rN+} (You acquired it on level 7 of the Dungeon)
  5761 | D:8      | Reached skill level 5 in Spellcasting
  5799 | D:8      | Reached ** piety under Vehumet
  5850 | D:8      | Offered knowledge of Freeze by Vehumet.
  5908 | D:8      | Noticed Erica
  5918 | D:8      | Killed Erica
  5918 | D:8      | Reached XP level 10. HP: 47/50 MP: 0/21
  6113 | D:8      | Reached skill level 1 in Fighting
  6124 | D:8      | You fall through a shaft!
  6255 | D:9      | Identified a +0 pair of boots of running (You acquired it on level 9 of the Dungeon)
  6508 | D:9      | Found a staircase to the Lair.
  6812 | D:9      | Found a shimmering altar of Xom.
  7106 | D:10     | Entered Level 10 of the Dungeon
  7320 | D:10     | Got a shimmering flail {crush}
  7332 | D:10     | Identified the +5 flail of Giwetum {crush, rPois Dex+4} (You took it off an orc on level 10 of the Dungeon)
  7357 | D:10     | Offered knowledge of Dazzling Spray by Vehumet.
  7571 | D:10     | Upgraded the game from 0.19-a0-14-gde87d98 to 0.19-a0-19-gf75ed07
  7605 | D:10     | Noticed Erolcha
  7606 | D:10     | Upgraded the game from 0.19-a0-19-gf75ed07 to 0.19-a0-27-g415f530
  7609 | D:10     | Killed Erolcha
  7609 | D:10     | Reached skill level 5 in Fighting
  7641 | D:10     | Reached *** piety under Vehumet
  7970 | D:11     | Found a staircase to the Orcish Mines.
  7978 | D:11     | Reached skill level 5 in Dodging
  7983 | D:11     | Offered knowledge of Airstrike by Vehumet.
  8007 | D:11     | Reached XP level 11. HP: 52/64 MP: 8/22
  8219 | D:10     | Noticed DEFE's ghost (journeyman DEFi)
  8363 | D:10     | Killed DEFE's ghost
  8408 | D:11     | Noticed a hill giant
  8415 | D:11     | Killed a hill giant
  8415 | D:11     | Reached skill level 10 in Conjurations
  8420 | D:11     | Got a brightly glowing quarterstaff
  8424 | D:11     | Identified the +9 quarterstaff of Power {drain, rElec Int+5 Stlth+} (You found it on level 11 of the Dungeon)
  8511 | D:11     | Reached **** piety under Vehumet
  8511 | D:11     | Reached skill level 11 in Earth Magic
  8539 | D:11     | Offered knowledge of Iskenderun's Mystic Blast by Vehumet.
  8628 | D:11     | Reached skill level 1 in Staves
  9222 | Lair:1   | Entered Level 1 of the Lair of Beasts
  9289 | Lair:1   | Found a dark tunnel.
  9302 | Volcano  | Entered a volcano
  9334 | Volcano  | Reached ***** piety under Vehumet
  9338 | Volcano  | Noticed a deep elf mage
  9347 | Volcano  | Offered knowledge of Spellforged Servitor by Vehumet.
  9350 | Volcano  | Killed a deep elf mage
  9686 | Lair:1   | Noticed a four-headed hydra
  9692 | Lair:1   | Killed a four-headed hydra
  9692 | Lair:1   | Reached skill level 5 in Staves
 10339 | Lair:2   | Reached XP level 12. HP: 65/70 MP: 23/23
 10344 | Lair:2   | Noticed a five-headed hydra
 10354 | Lair:2   | Killed a five-headed hydra
 10354 | Lair:2   | Reached skill level 12 in Earth Magic
 11267 | Lair:3   | Reached skill level 13 in Earth Magic
 11493 | Lair:3   | Found a radiant altar of Vehumet.
 12211 | Lair:4   | Found a labyrinth entrance.
 12218 | Lab      | Entered a labyrinth
 12358 | Lab      | Noticed a minotaur
 12362 | Lab      | Killed a minotaur
 12372 | Lab      | Got a jewelled hunting sling
 12381 | Lab      | Identified the +4 hunting sling of Unupotyr {freeze, +Fly MR+++} (You took it off a minotaur in a labyrinth)
 13243 | Lair:5   | Reached skill level 14 in Earth Magic
 13499 | Lair:5   | Offered knowledge of Bolt of Cold by Vehumet.
 13588 | Lair:5   | Reached XP level 13. HP: 74/74 MP: 21/24
 13788 | Lair:5   | Found a deep blue altar of Sif Muna.
 14393 | Lair:5   | Found a staircase to the Swamp.
 14965 | Lair:5   | Reached skill level 10 in Staves
 15791 | Lair:6   | Found a hole to the Spider Nest.
 16925 | Lair:8   | Entered Level 8 of the Lair of Beasts
 17086 | Lair:8   | Reached skill level 10 in Fighting
 17249 | Lair:8   | Gained mutation: Your large and strong wings let you fly indefinitely. [Gargoyle growth]
 17249 | Lair:8   | Reached XP level 14. HP: 74/88 MP: 9/25
 17418 | Lair:8   | Found a staircase to the Slime Pits.
 18181 | Lair:7   | Offered knowledge of Bolt of Magma by Vehumet.
 18189 | Lair:7   | Learned a level 5 spell: Bolt of Magma
 18461 | Lair:8   | Got a brightly glowing shield
 18468 | Lair:8   | Identified the +4 shield of the Tundras {rPois Regen+ Int-5 Dex+4} (You acquired it on level 8 of the Lair of Beasts)
 18818 | Orc:1    | Entered Level 1 of the Orcish Mines
 18818 | Orc:1    | Noticed an orc warlord
 18821 | Orc:1    | Noticed Nergalle
 18821 | Orc:1    | Noticed a stone giant
 21792 | Lair:8   | Offered knowledge of Conjure Ball Lightning by Vehumet.
 21882 | Lair:8   | Reached XP level 15. HP: 89/95 MP: 17/28
 22403 | Orc:1    | Noticed an orc warlord
 22409 | D:11     | Killed Nergalle
 22702 | D:14     | Found a gate to the Vaults.
 22983 | D:14     | Reached skill level 10 in Spellcasting
 23097 | D:14     | Reached ****** piety under Vehumet
 23525 | D:14     | Found Quiw's Gadget Shop.
 23580 | D:14     | Found a glowing golden altar of the Shining One.
 23921 | D:15     | Entered Level 15 of the Dungeon
 24185 | D:15     | Found a staircase to the Depths.
 24209 | D:15     | Reached skill level 15 in Earth Magic
 25454 | Spider:1 | Entered Level 1 of the Spider Nest
 25605 | Spider:1 | Reached XP level 16. HP: 84/101 MP: 30/30
 26147 | Spider:1 | Reached skill level 16 in Earth Magic
 26455 | Spider:1 | Got a smoking rapier
 26456 | Spider:1 | Identified the +6 rapier "Ugoyn" {venom, Dex+4} (You found it on level 1 of the Spider Nest)
 26977 | Spider:2 | Noticed Azrael
 27031 | Spider:2 | Killed Azrael
 27870 | Spider:2 | Offered knowledge of Orb of Destruction by Vehumet.
 28382 | Spider:3 | Noticed Arachne
 28410 | Spider:2 | Killed Arachne
 28694 | Spider:3 | Reached skill level 17 in Earth Magic
 28766 | Spider:3 | Noticed Mara
 29051 | Spider:3 | Learned a level 8 spell: Lehudib's Crystal Spear
 29097 | Spider:3 | Noticed HaroldButt's illusion
 29492 | Spider:3 | Noticed HaroldButt's illusion
 29970 | D:11     | Reached skill level 1 in Fire Magic
 30651 | Orc:2    | Entered Level 2 of the Orcish Mines
 30793 | Orc:1    | Offered knowledge of Ozocubu's Refrigeration by Vehumet.
 31179 | Orc:2    | Found Coimets's Magic Scroll Shop.
 31179 | Orc:2    | Found Myvofac's Weapon Shoppe.
 31183 | Orc:2    | Found Huluboj's Book Emporium.
 31183 | Orc:2    | Found Natuggyrph's General Store.
 31232 | Orc:2    | Bought an uncursed amulet of the gourmand for 420 gold pieces
 31392 | Orc:2    | Found a staircase to the Elven Halls.
 31409 | Orc:2    | Reached XP level 17. HP: 106/106 MP: 20/31
 31749 | Orc:2    | Reached skill level 5 in Fire Magic
 32084 | Orc:1    | Found Jiot's Distillery.
 32090 | Orc:1    | Bought a potion of heal wounds for 65 gold pieces
 32090 | Orc:1    | Bought a potion of haste for 130 gold pieces
 32090 | Orc:1    | Bought a potion of curing for 39 gold pieces
 32090 | Orc:1    | Bought a potion of magic for 104 gold pieces
 32610 | Spider:3 | Noticed HaroldButt's illusion
 32638 | Spider:3 | Noticed HaroldButt's illusion
 32644 | Spider:3 | Killed from afar by HaroldButt's illusion

Vault maps used:
D:1:      matt_arrival_diagonals
D:2:      first_bread, bloody_trog
D:3:      nemelex_xobeh_ov_fountains_minmay, uniq_jessica
D:4:      grunt_temple_overflow_order_and_chaos_2, temple_hall,
          hangedman_decor_points
D:5:      kennysheep_ying_yang, grunt_temple_overflow_open
D:7:      nicolae_overflow_hidden_temple, lemuel_doored_altar, nicolae_good_shop
D:8:      grunt_ogre_cave, uniq_erica
D:9:      xom_butterflies, lair_0_dummy
D:10:     uniq_erolcha
D:11:     zombieorc2_lemuel, minmay_misc_feat_five
D:14:     lightli_vaults_fourway_checkpoint, serial_shops, shop,
          infiniplex_staircase_spiral_double, nicolae_tso_swordbearing_angel
D:15:     grunt_enter_depths_magical_seal, nicolae_two_hexagons,
          minmay_door_square
Temple:   temple_eino_lava_8
Lair:1:   nicolae_volcano_entry_lava_flow, patterned_corridor,
          lemuel_fruit_tree, bh_autumn_forest_stairs
Lair:2:   grunt_megastairs_2
Lair:3:   basic_altar, grunt_forest_large_clearings
Lair:4:   lab_entry_generic
Lair:5:   nicolae_swamp_entry_splash_gauntlet, st_stairs_12, minivault_19,
          lemuel_oklob_altar, infiniplex_staircase_pool, lemuel_fruit_fields
Lair:6:   spider_nest_entry_webs, grunt_forest_stairs_basic, minmay_holes,
          wad_woods_road_02, minivault_27
Lair:7:   minmay_lair_oklob_items, beast_lair_carwin_2
Lair:8:   grunt_lair_end_beastmaster, nicolae_slime_entry_slimehenge
Spider:2: uniq_azrael
Spider:3: uniq_nikola, uniq_arachne, uniq_mara
Orc:1:    serial_shops, shop, uniq_nergalle
Orc:2:    st_orc_ogre_mass, special_room
Lab:      labyrinth_mini_lab
Volcano:  volcano_village

Skill      XL: |  1  2  3  4  5  6  7  8  9 10 11 12 13 14 15 16 17 |
---------------+----------------------------------------------------+-----
Earth Magic    | 4 5 6 7 8 10 11 14 15 17 | 17.1
Conjurations   | 1 2 3 4 6 8 9 11 13 14 | 14.5
Spellcasting   | 7 9 10 | 10.9
Fighting       | 6 10 11 12 | 12.2
Dodging        | 5 |  5.0
Staves         | 5 9 11 14 | 14.0
Fire Magic     | 4 5 |  5.0
Stealth        | |  2.1
Transmutations | |  0.7

Action                   |  1- 3 |  4- 6 |  7- 9 | 10-12 | 13-15 | 16-18 || total
-------------------------+-------+-------+-------+-------+-------+-------++-------
Melee: Unarmed           |    20 |    17 |       |       |       |       ||    37
       Dagger            |       |    22 |   107 |     7 |       |       ||   136
       Flail             |       |     5 |       |       |       |       ||     5
       Quarterstaff      |       |       |       |   403 |   899 |   468 ||  1770
Throw: Stone             |       |     2 |       |       |       |       ||     2
 Cast: Sandblast         |    52 |    36 |    88 |   111 |     1 |       ||   288
       Stone Arrow       |     2 |       |    39 |   182 |   294 |    79 ||   596
       Lee's Rapid Decon |       |       |       |     9 |    10 |       ||    19
       Bolt of Magma     |       |       |       |       |   100 |    73 ||   173
       Lehudib's Crystal |       |       |       |       |       |     6 ||     6
Evoke: Deck              |       |       |       |     1 |    12 |       ||    13
       Wand              |       |       |       |       |     1 |     2 ||     3
  Use: Scroll            |     5 |     2 |     9 |    18 |    14 |     8 ||    56
       Potion            |       |       |     2 |     1 |     1 |     3 ||     7
 Stab: Sleeping          |     1 |     2 |     1 |    18 |    22 |     1 ||    45
       Distracted        |       |       |       |       |     5 |     1 ||     6
  Eat: Chunk             |     2 |     4 |     4 |    22 |    17 |    55 ||   104
       Meat ration       |       |       |     2 |       |       |       ||     2
       Pizza             |       |       |     1 |       |     3 |       ||     4
       Fruit             |       |       |       |     5 |    37 |       ||    42
       Royal jelly       |       |       |       |     1 |     2 |       ||     3
       Beef jerky        |       |       |       |       |       |     5 ||     5
Armor: Robe              |    14 |    18 |    82 |    93 |    29 |   170 ||   406
       Leather armour    |       |       |       |    98 |    94 |       ||   192
       Animal skin       |       |       |       |       |   217 |       ||   217
       Skin              |       |       |       |       |       |     5 ||     5
Dodge: Dodged            |    32 |    22 |    97 |   344 |   465 |   332 ||  1292
